 Dungeon Crawl Stone Soup version 0.29-a0-323-g050149af67 (webtiles) character file.

Game seed: 14291895213937132006

477 bande the Covered (level 7, 0/44 HPs)
             Began as a Gargoyle Fighter on Apr 11, 2022.
             Slain by a gnoll shaman
             ... wielding a +0 club
              (1 damage)
             ... on level 4 of the Dungeon.
             The game lasted 00:04:49 (4062 turns).

bande the Covered (Gargoyle Fighter)                Turns: 4062, Time: 00:04:49

Health: 0/44       AC: 19    Str: 20    XL:     7   Next: 11%
Magic:  7/7        EV:  5    Int:  8    God:
Gold:   156        SH:  4    Dex: 11    Spells: 6/6 levels left

rFire   . . .      SeeInvis .   a - +0 war axe (elec)
rCold   . . .      Faith    .   c - +0 buckler
rNeg    + . .      Spirit   .   i - +0 plate armour
rPois   ∞          Reflect  .   (no helmet)
rElec   +          Harm     .   (no cloak)
rCorr   .          Rampage  .   (no gloves)
Will    .....                   k - +1 pair of boots
Stlth   ..........              (no amulet)
HPRegen 0.14/turn               (no ring)
MPRegen 0.10/turn               (no ring)

@: lit by a corona, glowing
A: sickness immunity, AC +4, negative energy resistance 1, electricity
resistance, torment resistance 1, petrification resistance
a: no special abilities


You were on level 4 of the Dungeon.
You visited 1 branch of the dungeon, and saw 4 of its levels.

You collected 156 gold pieces.

Inventory:

Hand Weapons
 a - a +0 war axe of electrocution (weapon)
 m - a +0 mace
Armour
 c - a +0 buckler (worn)
 i - a +0 plate armour (worn)
 k - a +1 pair of boots (worn)
Scrolls
 b - 7 scrolls of teleportation
 e - a scroll of enchant armour
 l - a scroll of identify
Potions
 d - a potion of berserk rage
 f - 2 potions of haste
 g - a potion of curing
 h - 2 potions of ambrosia
 j - 2 potions of brilliance


   Skills:
 + Level 4.6 Fighting
 + Level 4.5 Axes
 + Level 5.3 Armour
 - Level 0.8 Stealth
 + Level 4.1 Shields


You had 6 spell levels left.
You didn't know any spells.
Your spell library contained the following spells:

 Spells                   Type           Power      Damage    Failure   Level
 Beastly Appendage        Tmut           0%         N/A       100%        1
 Wereblood                Tmut           0%         N/A       100%        2
 Spider Form              Tmut/Pois      0%         N/A       100%        3


Dungeon Overview and Level Annotations

Branches:
Dungeon (4/15)
 Temple: D:4-7

Altars:

Shops:
D:3 ((??


Innate Abilities, Weirdness & Mutations

You are immune to sickness and miasma.
Your stone body is resilient. (AC +4)
You are immune to poison.
You resist negative energy. (rN+)
You are resistant to electric shocks. (rElec)
You are resistant to unholy torment.
You are immune to petrification.


Message History

The gnoll shaman hits you but does no damage.
The gnoll hits you but does no damage. x2; You block the gnoll shaman's attack.
The gnoll hits you but does no damage.
Unknown command.
You closely miss the gnoll shaman.
The gnoll shaman is severely wounded.
You hit the gnoll but do no damage. You block the gnoll's attack. x2
The gnoll hits you but does no damage.
The gnoll shaman hits you with a +0 club.
You hit the gnoll shaman but do no damage.
The gnoll shaman is severely wounded.
You barely miss the gnoll.
The gnoll hits you from afar with a +0 halberd.
You block the gnoll's attack. The gnoll hits you but does no damage.
The gnoll shaman hits you but does no damage.
The gnoll hits you but does no damage.
The gnoll hits you from afar with a +0 spear.
You block the gnoll's attack. The gnoll hits you with a +0 halberd.
The gnoll hits you but does no damage. x2
The gnoll shaman hits you with a +0 club.
Unknown command.
You slash the gnoll!
The gnoll is severely wounded.
You barely miss the gnoll. x2
You hit the gnoll shaman but do no damage.
The gnoll hits you with a +0 halberd!
* * * LOW HITPOINT WARNING * * *
The gnoll completely misses you. The gnoll hits you but does no damage.
The gnoll shaman hits you with a +0 club.
* * * LOW HITPOINT WARNING * * *
You slash the gnoll!
The gnoll is almost dead.
You hit the gnoll but do no damage. Lightning courses through the gnoll!
You kill the gnoll!
You barely miss the gnoll.
You hit the gnoll shaman but do no damage.
The gnoll hits you but does no damage. The gnoll hits you with a +0 spear!
* * * LOW HITPOINT WARNING * * *
The gnoll shaman hits you with a +0 club.
You die...

#.........♣.♣
##...........# .
#........♣.♣.♣######
#..#
##..................
....
#.......♣.♣.♣....^
....
+....†.......>.###
####
####........♣.♣..#...
≈≈≈≈.........g....#.#s
≈≈≈≈.......g@.†.....#[
≈≈≈≈.......)g.....#.#
#####.............#...
####.##.##....####
#..##.# .##...?
#.<##.# .# ....
#..##.. .. ... #..##..
.. ..


You could see a gnoll shaman and 2 gnolls.

Vanquished Creatures
  Sigmund (D:2)
  An ice beast (D:4)
  A scorpion (D:4)
  A hound (D:3)
  A jelly (D:4)
  5 gnolls
  An ufetubus (D:4)
  3 worms
  3 dart slugs
  An orc (D:4)
  5 ball pythons
  6 bats
  8 endoplasms
  A giant cockroach (D:4)
  5 goblins
  2 hobgoblins (D:1)
  3 kobolds
  7 quokkas
  3 frilled lizards (D:1)
  2 rats (D:1)
60 creatures vanquished.

Notes
Turn   | Place    | Note
-------+----------+-------------------------------------------
     0 | D:1      | bande the Gargoyle Fighter began the quest for the Orb.
     0 | D:1      | Reached XP level 1. HP: 14/14 MP: 1/1
   183 | D:1      | Found a faded altar of an unknown god.
   187 | D:1      | Reached XP level 2. HP: 18/19 MP: 2/2
   410 | D:1      | Reached XP level 3. HP: 23/24 MP: 3/3
  1916 | D:2      | Noticed Sigmund
  1942 | D:2      | Killed Sigmund
  1943 | D:2      | Reached skill level 4 in Armour
  1943 | D:2      | Reached XP level 4. HP: 10/29 MP: 4/4
  1943 | D:2      | Reached XP level 5. HP: 11/33 MP: 5/5
  2429 | D:3      | Reached XP level 6. HP: 38/38 MP: 6/6
  2437 | D:3      | Found Tuwnis's Weapon Shoppe.
  2730 | D:3      | Found Zupabbi's Weapon Shop.
  2732 | D:3      | Found Tieckulai's Weapon Emporium.
  3176 | D:3      | Found Odaohar's Magic Scroll Emporium.
  3183 | D:3      | Found Teluitiu's Magic Scroll Shop.
  3798 | D:4      | Noticed an ice beast
  3809 | D:4      | Killed an ice beast
  3810 | D:4      | Reached skill level 5 in Armour
  4032 | D:4      | Reached XP level 7. HP: 41/44 MP: 7/7
  4062 | D:4      | HP: 1/44 [gnoll/+0 spear (8)]
  4062 | D:4      | Slain by a gnoll shaman

Illustrated notes

Levels and vault maps discovered:
D:1:      ebering_hopf_link, layout_basic,
          shapermc_ecumenical_altar_starsandcircs
D:2:      layout_basic, nrook_campfire, eino_tiny_chamber,
          nicolae_figureground_pulse, uniq_sigmund
D:3:      layout_loops_corners, serial_shops, nicolae_shop_bloodbath_and_beyond,
          shop, nicolae_shop_window_shopping, nicolae_shop_hallway_stairs, shop
D:4:      layout_basic, riverfiend_overflow_shadow_ancestor, serial_forest,
          infiniplex_forest_end_3, infiniplex_forest_straight_3,
          infiniplex_forest_lined_3_way, infiniplex_forest_lined_3_way,
          infiniplex_forest_lined_2, infiniplex_forest_clump_small,
          infiniplex_forest_lined_2, portal_sewer_entry_f, minmay_checkerbox,
          uniq_robin

Skill      XL: |  1  2  3  4  5  6 |
---------------+-------------------+-----
Axes           | 2 3 4 |  4.5
Fighting       | 4 |  4.6
Armour         | 4 5 |  5.3
Shields        | 4 |  4.1
Stealth        | |  0.8

Action                   |  1- 3 |  4- 6 |  7- 9 || total
-------------------------+-------+-------+-------++-------
Melee: War axe           |   100 |    54 |    10 ||   164
  Use: Scroll            |     7 |     7 |       ||    14
       Potion            |     2 |       |       ||     2
Armor: Scale mail        |    51 |       |       ||    51
       Plate armour      |       |    27 |    22 ||    49
       Chain mail        |       |     1 |       ||     1
Dodge: Dodged            |    39 |    15 |     3 ||    57
Block: Buckler           |    20 |    15 |    10 ||    45

Table legend: (Time is in decaauts)
 A = Elapsed time spent in this place.
 B = Non-inter-level travel time spent in this place.
 C = Inter-level travel time spent in this place.
 D = Time resting spent in this place.
 E = Time spent auto-exploring this place.
 F = Levels seen in this place.
 G = Mean time per level.
                   A        B        C        D        E       F      G
               +--------+--------+--------+--------+--------+-----+--------+
         Total |   4126 |   4071 |     55 |    692 |   2690 |   4 | 1031.5 |
       Dungeon |   4126 |   4071 |     55 |    692 |   2690 |   4 | 1031.5 |
               +--------+--------+--------+--------+--------+-----+--------+

Top non-repeatable levels by time:
     D:1: 1267 daAuts
     D:3: 1244 daAuts
     D:2: 1178 daAuts
     D:4: 436 daAuts
